cohdb
Replays
Latest Replays
All Replays
Popular Replays
Top Player Replays
Match Explorer
How It Works
Community
CoH3 Stats
Reddit
Sign in to upload your games and track your stats! →
Sign in with Steam
Match 38465555
Unlisted
Match 38465555
Overview
Messages
Build Orders
End
Construct Barracks
Selects Special Operations Battlegroup
Riflemen Squad
Riflemen Squad
Construct Weapon Support Center
M1919 Machine Gun Team
Infantry Support Center
Grenade Package
Riflemen Squad
Munitions Surplus
M1 Mortar Team
Construct Medical Station
Selects M29 Weasel with M1 Pack Howitzer
Selects Raiding Flares
M29 Weasel with M1 Pack Howitzer
Engineer Squad
Raiding Flares
Construct Tank Depot
Selects SSF Commando Squad
Raiding Flares
M4A1 Sherman Medium Tank
Selects Assault Operation
Raiding Flares
M18 Hellcat Tank Destroyer
Raiding Flares
Selects P-47 Anti-Infantry Loiter
Selects UNKNOWN (2162291)
M4A1 Sherman Whizbang
Demolitions Package
SSF Commando Squad
M18 Hellcat Tank Destroyer
qZeto
BIOHAZARD
Obsidian-Fury
tomg72
0
0
Comments
sign in to comment!
No comments posted yet!